 Dungeon Crawl Stone Soup version 0.31-a0-167-g1c394c0614 (webtiles) character file.

Game seed: 1146166363326537300

12504 DavidChitty2 the Cleaver (level 11, 0/99 HPs)
             Began as a Minotaur Fighter on June 14, 2023.
             Was a High Priest of Okawaru.
             Slain by a guardian serpent (16 damage)
             ... on level 10 of the Dungeon.
             The game lasted 00:12:12 (9924 turns).

DavidChitty2 the Cleaver (Minotaur Fighter)         Turns: 9924, Time: 00:12:12

Health: 0/99       AC: 19    Str: 25    XL:     11   Next: 63%
Magic:  15/15      EV: 11    Int:  5    God:    Okawaru [*****.]
Gold:   40         SH: 12    Dex: 10    Spells: 10/10 levels left

rFire   + + .        a - +8 broad axe (flame)
rCold   + + .        m - +2 shield of Resistance {rF++ rC++ Will++}
rNeg    . . .        y - +0 plate armour
rPois   .            (helmet restricted)
rElec   .            q - +1 cloak
rCorr   .            o - +1 pair of gloves
SInv    .            (no boots)
Will    ++...        (no amulet) Stlth
                     f - +5 ring of evasion
HPRegen 0.36/turn    (no ring)
MPRegen 0.14/turn

%: no passive effects
@: about to teleport, hasted, studying Unarmed Combat, very quick
A: horns 2, retaliatory headbutt
a: Renounce Religion, Heroism, Finesse, Duel


You were on level 10 of the Dungeon.
You worshipped Okawaru.
Okawaru was extremely pleased with you.
You visited 2 branches of the dungeon, and saw 11 of its levels.

You collected 1106 gold pieces.
You spent 1066 gold pieces at shops.

Inventory:

Hand Weapons
 a - a +8 broad axe of flaming (weapon)
   (You acquired it on level 4 of the Dungeon)
Missiles
 j - 2 throwing nets {!f}
Armour
 m - the +2 shield of Resistance (worn) {rF++ rC++ Will++}
   (You bought it in a shop on level 3 of the Dungeon)

   rF:        It greatly protects you from fire.
   rC:        It greatly protects you from cold.
   Will:      It greatly increases your willpower.
 o - a +1 pair of gloves (worn)
   (You found it on level 6 of the Dungeon)
 q - a +1 cloak (worn)
   (You bought it in a shop on level 7 of the Dungeon)
 y - a +0 plate armour (worn)
   (You found it on level 9 of the Dungeon)
Jewellery
 f - a +5 ring of evasion (left hand)
   (You found it on level 4 of the Dungeon)
Wands
 d - a wand of iceblast (8)
   (You found it on level 10 of the Dungeon)
 r - a wand of polymorph (27)
   (You took it off Duvessa on level 6 of the Dungeon)
 t - a wand of flame (42)
   (You took it off a goblin on level 4 of the Dungeon)
 v - a wand of digging (6)
   (You found it on level 10 of the Dungeon)
 x - a wand of acid (3)
   (You found it on level 10 of the Dungeon)
Scrolls
 e - 4 scrolls of teleportation {@r4}
 s - a scroll of revelation
 u - a scroll of poison {!r}
 w - a scroll of enchant armour
 A - a scroll of fear
 B - a scroll of vulnerability {!r}
Potions
 b - 2 potions of haste {@q3}
 c - 3 potions of might
 g - 3 potions of mutation {unknown}
 h - a potion of berserk rage
 i - a potion of invisibility
 k - 2 potions of lignification {!q}
 l - 4 potions of curing {@q1}
 n - a potion of enlightenment
 p - 3 potions of brilliance
 z - a potion of magic {unknown}


   Skills:
 + Level 10.1 Fighting
 * Level 13.4 Axes
 + Level 10.1 Armour
 + Level 9.9 Shields
 + Level 6.8 Invocations


You had 10 spell levels left.
You didn't know any spells.
Your spell library contained the following spells:

 Spells                   Type           Power      Damage    Failure   Level
 Apportation              Tloc           0%         N/A       100%        1
 Magic Dart               Conj           0%         1d3       100%        1
 Necrotise                Necr           0%         1d4       100%        1
 Slow                     Hex            0%         N/A       100%        1
 Blink                    Tloc           0%         N/A       100%        2
 Ensorcelled Hibernation  Hex/Ice        0%         N/A       100%        2
 Lesser Beckoning         Tloc           0%         N/A       100%        2
 Momentum Strike          Conj/Tloc      0%         3d8       100%        2
 Confusing Touch          Hex            0%         N/A       100%        3
 Gell's Gravitas          Tloc           0%         N/A       100%        3
 Mephitic Cloud           Conj/Pois/Air  0%         N/A       100%        3
 Spider Form              Tmut/Pois      0%         N/A       100%        3
 Teleport Other           Tloc           0%         N/A       100%        3
 Vampiric Draining        Necr           0%         2d6       100%        3
 Vhi's Electric Charge    Tloc/Air       0%         N/A       100%        3
 Anguish                  Hex/Necr       0%         N/A       100%        4
 Arcjolt                  Conj/Air       0%         1d10      100%        5
 Dispersal                Tloc           0%         N/A       100%        6
 Maxwell's Capacitive Co  Air            0%         ∞         100%        8
 Summon Small Mammal      Summ           Unusable   N/A       N/A         1
 Call Imp                 Summ           Unusable   N/A       N/A         2

Dungeon Overview and Level Annotations

Branches:
Dungeon (10/15)            Temple (1/1) D:4             Orc (0/2) D:10
   Lair: D:8-11

Altars:
Ashenzari
Cheibriados
Dithmenos
Elyvilon
Fedhas
Gozag
Hepliaklqana
Kikubaaqudgha
Makhleb
Nemelex Xobeh
Okawaru
Qazlal
Ru
Sif Muna
Trog
Uskayaw
Vehumet
Wu Jian
Xom
Yredelemnul
Zin
The Shining One

Shops:
D:3 [*[   D:7 =([:*


Innate Abilities, Weirdness & Mutations

You have a pair of horns on your head.
You reflexively headbutt those who attack you in melee.


Message History

The wyvern bites you but does no damage.
You barely miss the wyvern. You headbutt the wyvern. You slash the manticore!
You burn the manticore.
The wyvern bites you but does no damage.
The manticore bites you but does no damage.
The manticore barely misses you. You block the manticore's attack.
You slice the wyvern!! You burn the wyvern.
You kill the wyvern!
Okawaru accepts your kill.
You hit the manticore. You burn the manticore.
The manticore bites you but does no damage.
The manticore claws you but does no damage. x2
You hit the manticore. You burn the manticore. You headbutt the manticore.
You block the manticore's attack. x2; The manticore claws you.
You hit the manticore but do no damage. The manticore bites you!
The manticore claws you but does no damage. x2
You slash the manticore! You burn the manticore.
You kill the manticore!
Okawaru accepts your kill.
No target in view!
You start resting.
You carefully extract the barbed spikes from your body.
You start resting.
An acid dragon comes into view.
The acid dragon roars!
You hear a shout!
The acid dragon spits acid at you. The splash of acid hits you!!
A guardian serpent comes into view.
The guardian serpent moves out of view.
The guardian serpent casts a spell at you.
The bolt of poison hits you!!
You are poisoned.
You feel very sick. The guardian serpent hits you!
* * * LOW HITPOINT WARNING * * *
The guardian serpent hits you!
* * * LOW HITPOINT WARNING * * *
As you read the scroll of teleportation {@r4}, it crumbles to dust.
You feel strangely unstable.
You feel sick.
The guardian serpent closely misses you.
You feel better.
The guardian serpent hits you but does no damage.
The guardian serpent hits you!
* * * LOW HITPOINT WARNING * * *
You feel yourself speed up.
You block the guardian serpent's attack.
You hit the guardian serpent. You burn the guardian serpent.
Your headbutt misses the guardian serpent.
The guardian serpent hits you!
You die...

#####~..... ### ##.#
###~~ ~~~~~~~.~~###.#
##~~[...~~~~~~...~~###
##~~~..#..~~~~...#~~~##
#~~.~.#...~~~~..(.#.~~#
#~...~#...~~~~...#.~~~#
#.~.~~~~~~~.#.~~~~
#.~~~~##~~~#...~~~
#@.~~~#~~..#..~~~~
#...DS#...~~~...#..~~~#
#.#...#...~~..#..#..÷~#
#~~.....~~~~....~~~~##
##~~~~~~~~~~~.#.~~~##
###~~~~~~~~~~..~###
####~~(..~~####
#########


You could see a guardian serpent and an acid dragon.

Vanquished Creatures
  4 two-headed ogres
  A phantasmal warrior (D:10)
  A manticore (D:10)
  A komodo dragon (D:10)
  2 trolls
  Sigmund (D:3)
  15 yaks
  A wyvern (D:10)
  4 steam dragons
  5 humans (D:6)
  Menkaure (D:6)
  A warg (D:10)
  2 water moccasins
  Duvessa (D:6)
  4 ice beasts
  3 orc warriors
  3 ogres
  3 centaurs
  2 phantoms
  2 bullfrogs (D:7)
  Blork the orc (D:6)
  3 scorpions
  Dowan (D:6)
  19 wights
  9 killer bees
  6 howler monkeys
  4 hounds
  2 gnoll boudas
  5 orc priests
  4 sleepcaps
  Jessica (D:3)
  5 iguanas
  Natasha (thrice) (D:3)
  11 orc wizards
  Robin (D:4)
  8 gnolls
  6 adders
  4 shadow imps
  A white imp (D:8)
  An ufetubus (D:5)
  2 worms
  4 dart slugs
  43 orcs
  5 bats
  A bat skeleton (D:2)
  9 endoplasms
  5 giant cockroaches
  11 goblins
  9 hobgoblins
  10 jackals
  A quokka (D:1)
  4 ball pythons
  A ball python zombie (D:2)
  6 frilled lizards
  A jackal skeleton (D:2)
  A jackal zombie (D:2)
  5 kobolds
  A quokka skeleton (D:2)
  5 rats
276 creatures vanquished.

Vanquished Creatures (others)
  A gnoll (D:7)
1 creature vanquished.

Grand Total: 277 creatures vanquished

Notes
Turn   | Place    | Note
-------+----------+-------------------------------------------
     0 | D:1      | DavidChitty2 the Minotaur Fighter began the quest for the
                  | Orb.
     0 | D:1      | Reached XP level 1. HP: 19/19 MP: 0/0
    96 | D:1      | Reached XP level 2. HP: 20/27 MP: 1/1
   134 | D:1      | Found a faded altar of an unknown god.
   152 | D:1      | Reached skill level 3 in Axes
   297 | D:1      | Reached XP level 3. HP: 33/33 MP: 2/2
  1177 | D:2      | Reached XP level 4. HP: 40/40 MP: 3/3
  1362 | D:3      | Noticed Sigmund
  1373 | D:3      | Killed Sigmund
  1374 | D:3      | Reached skill level 5 in Axes
  1374 | D:3      | Reached XP level 5. HP: 37/47 MP: 4/4
  1482 | D:3      | Reached XP level 6. HP: 55/55 MP: 5/5
  1516 | D:3      | Found Gait's Armour Emporium.
  1571 | D:3      | Noticed Jessica
  1580 | D:3      | Killed Jessica
  1639 | D:3      | Reached skill level 5 in Fighting
  1668 | D:3      | Found Zinwal's Antique Armour Shop.
  1671 | D:3      | Found Loshipuf's Assorted Antiques.
  1720 | D:3      | Reached skill level 5 in Armour
  1720 | D:3      | Reached skill level 5 in Shields
  1776 | D:3      | Noticed Natasha
  1790 | D:3      | Killed Natasha
  2018 | D:3      | Noticed Natasha
  2027 | D:3      | Killed Natasha
  2103 | D:3      | Noticed Natasha
  2107 | D:3      | Killed Natasha
  2257 | D:4      | Identified a scroll of acquirement
  2257 | D:4      | Acquired a +7 broad axe of flaming
  2293 | D:4      | Found a staircase to the Ecumenical Temple.
  2321 | Temple   | Entered the Ecumenical Temple
  2501 | Temple   | Became a worshipper of Warmaster Okawaru
  2552 | D:4      | Reached skill level 6 in Axes
  2567 | D:4      | Reached XP level 7. HP: 34/61 MP: 6/6
  2916 | D:4      | Noticed Robin
  2928 | D:4      | Killed Robin
  3392 | D:5      | Entered Level 5 of the Dungeon
  3396 | D:5      | Reached skill level 1 in Invocations
  3535 | D:5      | Found a stormy altar of Qazlal.
  3620 | D:5      | Reached * piety under Okawaru
  3624 | D:5      | Reached skill level 7 in Axes
  3629 | D:5      | Reached XP level 8. HP: 44/70 MP: 8/8
  4336 | D:6      | Reached ** piety under Okawaru
  4338 | D:6      | Reached skill level 8 in Axes
  4561 | D:6      | Reached XP level 9. HP: 79/79 MP: 10/10
  4563 | D:6      | Reached skill level 9 in Axes
  4565 | D:6      | Reached *** piety under Okawaru
  4915 | D:6      | Reached skill level 10 in Axes
  5068 | D:6      | Noticed Duvessa
  5068 | D:6      | Noticed Dowan
  5072 | D:6      | Killed Duvessa
  5083 | D:6      | Killed Dowan
  5142 | D:6      | Noticed Menkaure
  5147 | D:6      | Killed Menkaure
  5211 | D:6      | Reached **** piety under Okawaru
  5322 | D:6      | Noticed Blork the orc
  5329 | D:6      | Killed Blork the orc
  5389 | D:7      | Found Nutamif's Book Shop.
  5402 | D:7      | Found Jeecsofa's Assorted Antiques.
  5427 | D:7      | Reached XP level 10. HP: 85/88 MP: 12/12
  5444 | D:7      | Found Eritoy's Antique Armour Emporium.
  5454 | D:7      | Bought a runed cloak for 150 gold pieces
  5917 | D:7      | Identified the +1 leather armour of Zin's Wrath {rN+ rCorr
                  | Dex-2}
  6179 | D:7      | Found Zozitug's Weapon Emporium.
  6379 | D:7      | Found Guolap's Jewellery Shoppe.
  6450 | D:8      | Reached ***** piety under Okawaru
  6467 | D:8      | Reached skill level 11 in Axes
  6467 | D:8      | Reached skill level 5 in Invocations
  6679 | D:8      | Found a blossoming altar of Fedhas.
  6847 | D:8      | Acquired 614 gold pieces
  6888 | D:8      | Found a burning altar of Makhleb.
  6888 | D:8      | Found a glowing golden altar of the Shining One.
  6896 | D:8      | Found a radiant altar of Vehumet.
  6898 | D:8      | Found a sparkling altar of Nemelex Xobeh.
  6900 | D:8      | Found a basalt altar of Yredelemnul.
  7677 | D:9      | Reached skill level 12 in Axes
  8153 | D:9      | Found an opulent altar of Gozag.
  8340 | D:9      | Noticed a two-headed ogre
  8346 | D:9      | Killed a two-headed ogre
  8346 | D:9      | Received a gift from Okawaru
  8347 | D:9      | Reached XP level 11. HP: 95/97 MP: 14/14
  8540 | D:10     | Entered Level 10 of the Dungeon
  8543 | D:10     | Noticed a two-headed ogre
  8548 | D:10     | Killed a two-headed ogre
  8659 | D:10     | Found a broken altar of Ashenzari.
  8695 | D:10     | Found a bloodstained altar of Trog.
  8917 | D:3      | Bought the +2 shield of Resistance {rF++ rC++ Will++} for
                  | 916 gold pieces
  8917 | D:3      | Found the +2 shield of Resistance {rF++ rC++ Will++}
  9109 | D:10     | Noticed a two-headed ogre
  9112 | D:10     | Killed a two-headed ogre
  9292 | D:10     | Noticed a two-headed ogre
  9297 | D:10     | Killed a two-headed ogre
  9338 | D:10     | Reached skill level 13 in Axes
  9469 | D:10     | Reached ****** piety under Okawaru
  9469 | D:10     | Received a gift from Okawaru
  9533 | D:10     | Found a staircase to the Orcish Mines.
  9544 | D:10     | Reached skill level 10 in Fighting
  9636 | D:10     | Noticed a phantasmal warrior
  9653 | D:10     | Killed a phantasmal warrior
  9654 | D:10     | Reached skill level 10 in Armour
  9924 | D:10     | Slain by a guardian serpent

Illustrated notes

Levels and vault maps discovered:
D:1:      psy_arrival_radial02, layout_basic, shapermc_ecumenical_altar_pompeii,
          minmay_misc_feat_alley, grunt_decor_mini_mirrors
D:2:      layout_rooms, serial_undead, serial_undead_a, serial_undead_b,
          serial_undead_b, serial_undead_d, serial_undead_c, st_stairs_3
D:3:      layout_rooms, serial_shops, shop, nicolae_shop_overgrown_old_shop,
          nicolae_shop_real_fake_doors, uniq_sigmund, uniq_jessica, uniq_natasha
D:4:      layout_loops_corners, minmay_temple_entry_stoned_glass, uniq_robin
D:5:      layout_basic, mainiacjoe_overflow_paths, minmay_manual_moon
D:6:      layout_gridville, minmay_ruffians, uniq_menkaure, uniq_duvessa,
          uniq_blork_the_orc
D:7:      layout_layer_cave, serial_shops, shop, nicolae_shop_tiny_glass,
          nicolae_shop_tiny_statue_garden, shop, nicolae_shop_advertising_works
          [nicolae_subvault_shop_adworks], minivault_24, minmay_checkerbox
D:8:      layout_layer_cave, chequers_temple_overflow_minitemple, fedhas_altar_4
D:9:      layout_irregular_city, nicolae_overflow_hidden_temple
D:10:     layout_loops_ring, mainiacjoe_overflow_chevrons,
          evilmike_ruin_ashenzari, erik_orc_3, nicolae_two_hexagons,
          hellmonk_guarded_unrand_seven_league_boots
Temple:   nicolae_temple_slightly_damp_pantheon

Skill      XL: |  1  2  3  4  5  6  7  8  9 10 11 |
---------------+----------------------------------+-----
Axes           | 3 5 6 7 8 10 12 13 | 13.4
Fighting       | 4 5 6 7 8 9 10 | 10.1
Shields        | 4 5 6 8 9 |  9.9
Armour         | 4 5 6 7 8 9 10 | 10.1
Invocations    | 1 3 4 5 6 |  6.8

Action                     |  1- 3 |  4- 6 |  7- 9 | 10-12 || total
---------------------------+-------+-------+-------+-------++-------
  Melee: War axe           |    78 |    86 |       |       ||   164
         Headbutt          |    10 |     9 |    26 |    30 ||    75
         Broad axe         |       |     6 |   161 |   179 ||   346
         Unarmed           |       |       |     8 |       ||     8
 Invoke: Heroism           |       |       |       |     5 ||     5
         Finesse           |       |       |       |     1 ||     1
    Use: Scroll            |       |    10 |     5 |     5 ||    20
         Potion            |       |       |       |     2 ||     2
 Armour: Scale mail        |    47 |       |       |       ||    47
         Chain mail        |       |    62 |    64 |    47 ||   173
         Skin              |       |       |     1 |       ||     1
         Plate armour      |       |       |       |    45 ||    45
  Dodge: Dodged            |    40 |    42 |   114 |    98 ||   294
  Block: Buckler           |    13 |    23 |    40 |    24 ||   100
         Kite shield       |       |       |       |    44 ||    44

Table legend: (Time is in decaauts)
 A = Elapsed time spent in this place.
 B = Non-inter-level travel time spent in this place.
 C = Inter-level travel time spent in this place.
 D = Time resting spent in this place.
 E = Time spent auto-exploring this place.
 F = Levels seen in this place.
 G = Mean time per level.
                   A        B        C        D        E       F      G
               +--------+--------+--------+--------+--------+-----+--------+
         Total |  10054 |   9506 |    548 |   1093 |   6869 |  11 |  914.0 |
       Dungeon |   9854 |   9324 |    530 |   1093 |   6714 |  10 |  985.4 |
        Temple |    199 |    181 |     18 |      0 |    155 |   1 |  199.0 |
               +--------+--------+--------+--------+--------+-----+--------+

Top non-repeatable levels by time:
     D:8: 1156 daAuts
     D:7: 1148 daAuts
    D:10: 1119 daAuts
     D:5: 1112 daAuts
     D:9: 1014 daAuts
     D:4: 994 daAuts
     D:3: 959 daAuts
     D:6: 948 daAuts
     D:1: 937 daAuts
     D:2: 463 daAuts
  Temple: 199 daAuts
